 Dungeon Crawl Stone Soup version 0.29.1-2-gbd0b4ee654 (webtiles) character file.

Game seed: 15686209159456111808

55010 DildoBatman the Peltast (level 15, -19/99 HPs)
             Began as a Formicid Conjurer on Nov 22, 2022.
             Was a High Priest of Kikubaaqudgha.
             Demolished by a minotaur
             ... wielding the +3 war axe "Toorch" {vorpal, +Blink}
              (27 damage)
             ... in a Gauntlet.
             The game lasted 01:06:38 (16434 turns).

DildoBatman the Peltast (Formicid Conjurer)        Turns: 16434, Time: 01:06:38

Health: -19/99     AC: 18    Str: 15    XL:     15   Next: 16%
Magic:  19/28      EV: 14    Int: 30    God:    Kikubaaqudgha [*****.]
Gold:   555        SH: 20    Dex: 17    Spells: 18/32 levels left

rFire   . . .      SeeInvis +   a - +2 glaive (flame)
rCold   + . .      Faith    .   l - +0 tower shield
rNeg    . . .      Spirit   .   o - +0 troll leather armour
rPois   .          Reflect  .   (helmet unavailable)
rElec   .          Harm     .   M - +1 cloak {Will+}
rCorr   .          Rampage  .   n - +0 pair of gloves
Will    ++...                   e - +3 pair of boots "Kieha" {rC+ Int+7}
Stlth   ++........              (no amulet)
HPRegen 0.00/turn               E - +6 ring of dexterity
MPRegen 0.21/turn               q - +4 ring of protection

@: inhibited regen
A: permanent stasis, dig shafts and tunnels, antennae 3, four strong arms, fangs
1, dopey 1, frail 1, inhibited regeneration, strong 1
a: Dig, Renounce Religion, Unearth Wretches, Torment


You were in a Gauntlet.
You worshipped Kikubaaqudgha.
Kikubaaqudgha was extremely pleased with you.
You visited 3 branches of the dungeon, and saw 16 of its levels.
You also visited: Sewer and Gauntlet.

You collected 1578 gold pieces.
You spent 1023 gold pieces at shops.

Inventory:

Hand Weapons
 a - a +2 glaive of flaming (weapon)
 b - a +2 shortbow of flaming
 d - a +2 spear of venom
Missiles
 v - 30 poisoned darts
 I - 4 curare-tipped darts (quivered)
Armour
 e - the +3 pair of boots "Kieha" (worn) {rC+ Int+7}
   (You bought it in a shop on level 2 of the Orcish Mines)

   Int:       It affects your intelligence (+7).
   rC:        It protects you from cold.
 g - a +2 robe of willpower
 l - a +0 tower shield (worn)
 n - a +0 pair of gloves (worn)
 o - a +0 troll leather armour (worn)
 M - a +1 cloak of willpower (worn)
 Q - a +2 leather armour of fire resistance
Magical Staves
 B - a staff of air
 V - a staff of poison
Jewellery
 q - a +4 ring of protection (right hand)
 E - a +6 ring of dexterity (left hand)
 R - a ring of resist corrosion
 U - a ring of poison resistance
Wands
 m - a wand of iceblast (20)
 H - a wand of polymorph (4)
 P - a wand of flame (21)
Scrolls
 f - 2 scrolls of blinking {unknown}
 i - a scroll of amnesia {unknown}
 k - 2 scrolls of vulnerability
 p - 6 scrolls of immolation
 r - a scroll of acquirement {unknown}
 u - 2 scrolls of enchant weapon
 y - 3 scrolls of noise {unknown}
 z - 5 scrolls of identify
 C - a scroll of magic mapping
 D - 2 scrolls of butterflies
 J - 2 scrolls of poison {unknown}
 L - a scroll of brand weapon {unknown}
 N - 2 scrolls of fear
 T - a scroll of summoning {unknown}
 Y - a scroll of enchant armour {unknown}
Potions
 c - a potion of attraction {unknown}
 h - 4 potions of curing
 j - a potion of cancellation {unknown}
 s - 3 potions of heal wounds
 t - 2 potions of resistance {unknown}
 w - 2 potions of magic
 x - 5 potions of brilliance
 A - 3 potions of might
 F - a potion of ambrosia {unknown}
 G - 2 potions of invisibility {unknown}
 K - a potion of flight {unknown}
 O - a potion of degeneration {unknown}
 S - 3 potions of lignification {unknown}
 W - a potion of berserk rage {unknown}
 X - a potion of mutation


   Skills:
 - Level 7.6 Fighting
 - Level 9.5 Armour
 - Level 7.0 Dodging
 - Level 2.4 Stealth
 - Level 15.9 Shields
 * Level 9.1 Spellcasting
 - Level 6.0 Conjurations
 * Level 10.0 Necromancy
 * Level 11.8 Earth Magic


You had 18 spell levels left.
You knew the following spells:

 Your Spells              Type           Power      Damage    Failure   Level
a - Borgnjor's Vile Clut  Necr/Erth      34%        N/A       3%          5
b - Searing Ray           Conj           98%        2d8       1%          2
e - Magic Dart            Conj           100%       1d8       1%          1
h - Dispel Undead         Necr           65%        3d22      1%          4
z - Sublimation of Blood  Necr           65%        N/A       1%          2

Your spell library contained the following spells:

 Spells                   Type           Power      Damage    Failure   Level
 Necrotise                Necr           100%       1d9       1%          1
 Animate Dead             Necr           65%        N/A       1%          4
 Agony                    Necr           65%        N/A       4%          5
 Dazzling Flash           Conj/Hex       62%        N/A       10%         3
 Apportation              Tloc           26%        N/A       12%         1
 Summon Small Mammal      Summ           52%        N/A       12%         1
 Anguish                  Hex/Necr       21%        N/A       14%         4
 Corpse Rot               Necr/Pois/Air  33%        N/A       28%         4
 Death Channel            Necr           32%        N/A       28%         6
 Fulminant Prism          Conj/Hex       15%        3d11      32%         4
 Iskenderun's Mystic Bla  Conj/Tloc      31%        2d8       32%         4
 Gell's Gravitas          Tloc           13%        N/A       34%         3
 Lesser Beckoning         Tloc           13%        N/A       34%         3
 Teleport Other           Tloc           13%        N/A       34%         3
 Passage of Golubria      Tloc           13%        N/A       75%         4
 Silence                  Hex/Air        6%         N/A       97%         5
 Lehudib's Crystal Spear  Conj/Erth      30%        10d8      100%        8


Dungeon Overview and Level Annotations

Branches:
Dungeon (13/15)            Temple (1/1) D:7            Lair (0/5) D:11
    Orc (2/2) D:10            Elf (0/3) Orc:2         Sewer (visited)
Gauntlet (1/1)
 Vaults: D:13-14

Altars:
Ashenzari
Cheibriados
Dithmenos
Elyvilon
Fedhas
Kikubaaqudgha
Makhleb
Nemelex Xobeh
Okawaru
Qazlal
Sif Muna
Trog
Uskayaw
Wu Jian
Xom
The Shining One

Shops:
D:10 ?   Orc:2 *([?

Annotations:
Gauntlet 4 transporters


Innate Abilities, Weirdness & Mutations

You cannot be hasted, slowed, berserked, paralysed or teleported.
You can dig through walls and to a lower floor.
You have a pair of large antennae on your head. (SInv)
Your four strong arms can wield two-handed weapons with a shield.
You have very sharp teeth.
You are dopey. (Int -2)
You are frail. (-10% HP)
You do not regenerate when monsters are visible.
Your muscles are strong. (Str +4, Int/Dex -1)


Message History

You start resting.
HP restored.
You enter the transporter and appear at another place.
Magic restored.
You open the door.
A minotaur comes into view.
It is wielding the +3 war axe "Toorch" {vorpal, +Blink} and quivering silver javelins.
The minotaur bellows!
Found a warped helmet.
Found a gate leading back out of this place.
Casting: Sublimation of Blood (safe; 1% risk of failure)
Confirm with . or Enter, or press ? or * to list all spells.
Aiming: Borgnjor's Vile Clutch (dangerous; 3% risk of failure)
Press: ? - help, Shift-Dir - straight line, f - minotaur
Aim: a minotaur, wielding the +3 war axe "Toorch" {vorpal, +Blink}, wearing a +0 chain mail, wearing a ring of protection from fire and quivering silver javelins (100% to hit)
Zombie hands grab the minotaur.
The zombie hands constrict the minotaur, but do no damage.
The minotaur struggles to escape constriction.
The zombie hands constrict the minotaur, but do no damage.
The minotaur throws a silver javelin.
The silver javelin pierces through you!!
The silver sears you!
There is an open door, spattered with blood here.
The zombie hands constrict the minotaur.
The minotaur throws a silver javelin.
The silver javelin pierces through you! The silver sears you!
The zombie hands constrict the minotaur!
The zombie hands release their grip on the minotaur.
The minotaur hits you with the +3 war axe "Toorch" {vorpal, +Blink}!!
The minotaur gores you!
Casting: Borgnjor's Vile Clutch (dangerous; 3% risk of failure)
Confirm with . or Enter, or press ? or * to list all spells.
Aiming: Borgnjor's Vile Clutch (dangerous; 3% risk of failure)
Press: ? - help, Shift-Dir - straight line, f/p - minotaur
Aim: a minotaur, wielding the +3 war axe "Toorch" {vorpal, +Blink}, wearing a +0 chain mail, wearing a ring of protection from fire and quivering silver javelins (lightly wounded, 100% to hit)
Zombie hands grab the minotaur.
The zombie hands constrict the minotaur.
The minotaur hits you with the +3 war axe "Toorch" {vorpal, +Blink}!!
You die...
Kikubaaqudgha rasps: "You have failed me!
Welcome... death!"

#≈≈≈#...##
#######...#...#8
#....##...#.8.#©
#.##.##.8.#.⌠.#8
#.##....©.#.8.##
#######.##.##.8.#...#.
#≈≈≈#.#....##.©.#...#.
#≈≈.#.#.##.##.8.#.8.#.
#≈∩.H@'.##....©.#.∩.#.
#≈≈.#.#.##.##.8.#.8.#.
#≈≈≈#.#....##.©.#...#.
#######.##.##.8.#...#^
#.##....©.#.8.##
#.##.##.8.#.⌠.#8 #..
#...#.8.#© ###
#...#...#8 #≈≈≈#...##


You could see a minotaur (clutched).

Vanquished Creatures
  3 boulder beetles
  2 hydras (D:12)
  A ghost crab (Gauntlet)
  6 two-headed ogres
  4 orc high priests (Orc:2)
  Sonja (Orc:2)
  3 orc sorcerers
  An orc knight (Orc:2)
  A manticore (D:11)
  A cyclops (D:7)
  A shining eye (Gauntlet)
  Joseph (D:8)
  2 rust devils (D:7)
  Maggie (D:5)
  2 gargoyles
  An unseen horror (D:7)
  2 kobold demonologists (D:11)
  2 trolls
  2 raiju (Gauntlet)
  A hornet (D:10)
  4 flying skulls (Gauntlet)
  19 yaks
  Eustachio (D:6)
  A shadow (D:11)
  3 chaos spawn (Gauntlet)
  A vampire mosquito (D:7)
  8 redbacks (D:12)
  A neqoxec (Gauntlet)
  5 wargs
  An acid dragon (D:11)
  A floating eye (Gauntlet)
  Duvessa (D:6)
  2 black bears
  15 orc warriors
  2 sky beasts (D:8)
  10 ogres
  11 centaurs
  4 phantoms
  5 kobold brigands
  A bullfrog (D:9)
  2 gnoll sergeants
  5 scorpions
  A necrophage (D:6)
  5 wights (D:9)
  Dowan (D:6)
  15 killer bees
  7 howler monkeys
  32 orc priests
  Crazy Yiuf (D:6)
  4 hounds
  2 jellies (D:6)
  A gnoll bouda (D:9)
  3 iguanas
  A lightning spire (Gauntlet)
  Ijyb (D:5)
  22 orc wizards
  18 gnolls
  9 adders
  7 river rats (Sewer)
  A shadow imp (D:7)
  2 white imps
  A worm (D:3)
  A dart slug (D:1)
  69 orcs
  11 ball pythons
  8 endoplasms
  A giant cockroach (D:4)
  4 goblins
  4 hobgoblins
  36 kobolds
  3 quokkas
  8 bats
  6 frilled lizards
  27 rats
453 creatures vanquished.

Notes
Turn   | Place    | Note
-------+----------+-------------------------------------------
     0 | D:1      | DildoBatman the Formicid Conjurer began the quest for the
                  | Orb.
     0 | D:1      | Reached XP level 1. HP: 13/13 MP: 3/3
   237 | D:1      | Reached XP level 2. HP: 16/19 MP: 0/5
   240 | D:1      | Learned a level 2 spell: Searing Ray
   558 | D:1      | Reached XP level 3. HP: 17/24 MP: 4/6
  1045 | D:2      | Reached XP level 4. HP: 30/30 MP: 3/7
  1252 | D:2      | Reached skill level 5 in Conjurations
  1568 | D:2      | Reached XP level 5. HP: 27/35 MP: 3/8
  1619 | D:3      | Found a faded altar of an unknown god.
  1774 | D:3      | Reached XP level 6. HP: 38/42 MP: 2/9
  1871 | D:3      | Found a glowing drain.
  1881 | Sewer    | Entered a sewer
  2004 | Sewer    | Reached skill level 1 in Fighting
  2004 | Sewer    | Reached skill level 1 in Armour
  2398 | Sewer    | Reached XP level 7. HP: 39/50 MP: 2/11
  2689 | D:3      | Found a shimmering blue altar of Sif Muna.
  2991 | D:4      | Found a burning altar of Makhleb.
  3016 | D:4      | Found a shimmering altar of Xom.
  3016 | D:4      | Found an ancient bone altar of Kikubaaqudgha.
  3031 | D:4      | Became a worshipper of Kikubaaqudgha
  3302 | D:4      | Found a blossoming altar of Fedhas.
  3507 | D:4      | You fall into a shaft and drop 2 floors!
  3554 | D:6      | Noticed Dowan
  3579 | D:5      | Entered Level 5 of the Dungeon
  3681 | D:4      | Reached skill level 5 in Spellcasting
  3681 | D:4      | Reached XP level 8. HP: 58/58 MP: 6/15
  3895 | D:5      | Noticed Ijyb
  3904 | D:5      | Killed Ijyb
  4307 | D:5      | Reached skill level 2 in Shields
  4433 | D:5      | Reached skill level 3 in Shields
  4637 | D:6      | Noticed Maggie
  4761 | D:6      | Reached skill level 4 in Shields
  4769 | D:6      | Reached XP level 9. HP: 63/63 MP: 17/19
  4774 | D:6      | Reached skill level 5 in Shields
  4784 | D:6      | Noticed Eustachio
  4805 | D:6      | Killed Eustachio
  4806 | D:6      | Reached skill level 6 in Shields
  4878 | D:6      | Reached skill level 7 in Shields
  4895 | D:6      | Reached * piety under Kikubaaqudgha
  4895 | D:6      | Received a gift from Kikubaaqudgha
  4963 | D:6      | Reached skill level 8 in Shields
  4995 | D:6      | HP: 3/63 [poisoned by a scorpion]
  5344 | D:6      | Noticed Duvessa
  5378 | D:6      | Killed Duvessa
  5398 | D:6      | Killed Dowan
  5399 | D:6      | Reached skill level 9 in Shields
  5556 | D:6      | Found a runed translucent door.
  5557 | D:6      | Noticed Crazy Yiuf
  5784 | D:6      | Killed Crazy Yiuf
  5923 | D:7      | Reached ** piety under Kikubaaqudgha
  5934 | D:7      | Reached skill level 10 in Shields
  6079 | D:7      | Reached skill level 11 in Shields
  6205 | D:7      | Reached XP level 10. HP: 70/70 MP: 14/20
  6403 | D:7      | Found a transporter.
  6405 | D:7      | Noticed an unseen horror
  6406 | D:7      | Found a transporter.
  6412 | D:7      | Noticed a cyclops
  6418 | D:7      | Found a white marble altar of Elyvilon.
  6535 | D:7      | Found a staircase to the Ecumenical Temple.
  6551 | Temple   | Entered the Ecumenical Temple
  6652 | D:7      | Found a glowing golden altar of the Shining One.
  6790 | D:8      | Found a broken altar of Ashenzari.
  6793 | D:8      | Reached skill level 12 in Shields
  6983 | D:7      | Noticed a rust devil
  6984 | D:7      | Noticed a rust devil
  7023 | D:8      | Noticed a two-headed ogre
  7114 | D:8      | Noticed Joseph
  7159 | D:8      | Noticed a two-headed ogre
  7355 | D:5      | Killed Maggie
  7356 | D:5      | Reached skill level 13 in Shields
  7406 | D:5      | You fall into a shaft and drop 2 floors!
  7409 | D:7      | You fall into a shaft and drop 1 floor!
  7471 | D:8      | You fall into a shaft and drop 2 floors!
  7471 | D:10     | Entered Level 10 of the Dungeon
  7632 | D:10     | Found a staircase to the Orcish Mines.
  7662 | D:10     | Reached skill level 5 in Dodging
  7662 | D:10     | Reached skill level 14 in Shields
  7662 | D:10     | Reached XP level 11. HP: 83/83 MP: 21/21
  7663 | D:10     | Reached skill level 15 in Shields
  7663 | D:10     | Reached XP level 12. HP: 89/89 MP: 22/22
  7669 | D:10     | Found Conips's Magic Scroll Emporium.
  7677 | D:10     | Bought a scroll of identify for 28 gold pieces
  7677 | D:10     | Bought a scroll of identify for 28 gold pieces
  7677 | D:10     | Bought a scroll of identify for 28 gold pieces
  7677 | D:10     | Bought a scroll of identify for 28 gold pieces
  7678 | D:10     | Gained mutation: You are agile. (Dex +4, Str/Int -1)
                  | [potion of mutation]
  8271 | D:10     | Noticed a two-headed ogre
  8343 | D:10     | Killed a two-headed ogre
  8564 | D:10     | Found a stormy altar of Qazlal.
  8573 | D:10     | Found a sparkling altar of Nemelex Xobeh.
  9006 | Orc:1    | Entered Level 1 of the Orcish Mines
  9133 | Orc:2    | Entered Level 2 of the Orcish Mines
  9145 | Orc:2    | Found a staircase to the Elven Halls.
  9197 | Orc:2    | Noticed Sonja
  9217 | Orc:2    | Killed Sonja
  9528 | Orc:1    | Reached *** piety under Kikubaaqudgha
  9528 | Orc:1    | Received a gift from Kikubaaqudgha
  9540 | Orc:1    | Learned a level 5 spell: Borgnjor's Vile Clutch
  9545 | Orc:1    | Learned a level 4 spell: Dispel Undead
  9709 | Orc:1    | Reached skill level 1 in Earth Magic
  9818 | Orc:1    | Reached skill level 1 in Necromancy
 10696 | Orc:2    | Noticed an orc high priest
 10743 | Orc:2    | Killed an orc high priest
 10978 | Orc:2    | Noticed a sixfirhy
 11006 | Orc:2    | Noticed an orc high priest
 11295 | Orc:2    | Noticed a sixfirhy
 11296 | Orc:2    | Killed an orc high priest
 11297 | Orc:2    | Reached XP level 13. HP: 58/91 MP: 20/23
 11394 | Orc:2    | Reached skill level 5 in Earth Magic
 11419 | Orc:2    | Lost mutation: You are agile. (Dex +4, Str/Int -1) [a
                  | neqoxec]
 12025 | Orc:2    | Reached **** piety under Kikubaaqudgha
 12181 | Orc:2    | Reached skill level 5 in Necromancy
 12576 | Orc:2    | Found Ynlae's General Store.
 12577 | Orc:2    | Found Exokk's Antique Armour Boutique.
 12578 | Orc:2    | Found Mol Exte's Magic Scroll Boutique.
 12582 | Orc:2    | Found Hides's Antique Weapon Shop.
 12587 | Orc:2    | Bought a scroll of identify for 26 gold pieces
 12588 | Orc:2    | Bought a pair of ichor-stained boots for 237 gold pieces
 12588 | Orc:2    | Identified the +3 pair of boots "Kieha" {rC+ Int+7} (You
                  | bought it in a shop on level 2 of the Orcish Mines)
 12589 | Orc:2    | Bought a potion of brilliance for 48 gold pieces
 12589 | Orc:2    | Bought a potion of experience for 600 gold pieces
 12589 | Orc:2    | Reached XP level 14. HP: 52/104 MP: 24/24
 12603 | Orc:2    | Gained mutation: Your muscles are strong. (Str +4, Int/Dex
                  | -1) [potion of mutation]
 12603 | Orc:2    | Gained mutation: You have hidden genetic defects. [potion
                  | of mutation]
 12603 | Orc:2    | Gained mutation: You have very sharp teeth. [potion of
                  | mutation]
 13193 | D:9      | Learned a level 2 spell: Sublimation of Blood
 13329 | D:9      | Reached ***** piety under Kikubaaqudgha
 13449 | D:9      | Reached skill level 10 in Earth Magic
 13729 | D:8      | Gained mutation: You do not regenerate when monsters are
                  | visible. [hidden defects]
 13888 | D:8      | Killed Joseph
 14549 | D:11     | Gained mutation: You are frail. (-10% HP) [hidden defects]
 14549 | D:11     | Lost mutation: You have hidden genetic defects. [hidden
                  | defects expressed]
 14568 | D:11     | Found a staircase to the Lair.
 15537 | D:12     | Reached XP level 15. HP: 99/99 MP: 12/27
 16118 | D:13     | Found a gate leading to a gauntlet.
 16122 | Gauntlet | Entered a Gauntlet
 16122 | Gauntlet | Found a transporter.
 16131 | Gauntlet | Found a transporter.
 16134 | Gauntlet | Found a transporter.
 16135 | Gauntlet | Found a transporter.
 16144 | Gauntlet | Found a transporter.
 16146 | Gauntlet | Found a transporter.
 16147 | Gauntlet | Found a transporter.
 16157 | Gauntlet | Found a transporter.
 16159 | Gauntlet | Found a transporter.
 16160 | Gauntlet | Found a transporter.
 16168 | Gauntlet | Found a transporter.
 16171 | Gauntlet | Found a transporter.
 16172 | Gauntlet | Found a transporter.
 16181 | Gauntlet | Found a transporter.
 16327 | Gauntlet | Gained mutation: You are dopey. (Int -2) [a shining eye]
 16360 | Gauntlet | Reached skill level 10 in Necromancy
 16372 | Gauntlet | Identified the +2 hat of Siyli {Str+7 Dex-3}
 16428 | Gauntlet | Identified the +3 war axe "Toorch" {vorpal, +Blink}
 16434 | Gauntlet | Demolished by a minotaur

Illustrated notes

Levels and vault maps discovered:
D:1:      mrwooster_arrival_statue_2, layout_loops_ring, minmay_misc_feat_chi
D:2:      layout_basic, minmay_tetromino_i2
D:3:      layout_rooms, nicolae_sif_muna_condensation, basic_ecumenical_altar,
          portal_sewer_entry_b, minivault_14, minmay_checkerbox
D:4:      layout_gridville, nicolae_overflow_hidden_temple,
          overflow_temple_1_default, minmay_increasing_density
D:5:      layout_loops_ring, bh_walls_and_bars, uniq_ijyb
D:6:      layout_cave_pools, uniq_duvessa, uniq_eustachio, uniq_maggie,
          uniq_crazy_yiuf_cottage
D:7:      cheibrodos_iron_armory, layout_gridville, tso_oasis_becter,
          gammafunk_temple_overflow_arena, temple_doors_e, grunt_ministairs_11
D:8:      layout_basic, mainiacjoe_overflow_paths, uniq_joseph
D:9:      layout_long_grid, minivault_1
D:10:     layout_grid_maze, mainiacjoe_overflow_swirl, david_orc_2,
          serial_shops, nicolae_diamond_shop
D:11:     layout_cave_pools, lair_entry_dummy, nicolae_elevator_lobby_asterisk
D:12:     layout_loops_corners, eino_tiny_chamber, drop_trap
D:13:     layout_stronghold, david_vaults_4, gauntlet_entry_generic,
          minmay_guarded_unrand_vampires_tooth, uniq_rupert
Temple:   hellmonk_temple_forest_ring
Orc:1:    layout_diamond_mine
Orc:2:    st_orc_mages, layout_caves, uniq_sonja
Gauntlet: gammafunk_gauntlet_77_escape_option
          [minmay_gauntlet_arena_77_terracotta_army,
          minmay_gauntlet_arena_77_checkered, minmay_gauntlet_arena_77_box,
          minmay_gauntlet_arena_77_hold_the_fort,
          minmay_gauntlet_arena_77_tiled_triplets, gauntlet_exit_watery]

Skill      XL: |  1  2  3  4  5  6  7  8  9 10 11 12 13 14 15 |
---------------+----------------------------------------------+-----
Conjurations   | 4 5 6 |  6.0
Dodging        | 2 5 7 |  7.0
Fighting       | 2 3 6 7 |  7.6
Armour         | 2 3 6 8 9 |  9.5
Spellcasting   | 3 5 7 8 9 |  9.1
Shields        | 4 11 14 15 | 15.9
Earth Magic    | 4 9 11 | 11.8
Necromancy     | 3 7 9 10 | 10.0
Stealth        | |  2.4

Action                   |  1- 3 |  4- 6 |  7- 9 | 10-12 | 13-15 || total
-------------------------+-------+-------+-------+-------+-------++-------
Melee: Unarmed           |    12 |       |       |       |       ||    12
       Short sword       |    23 |       |       |       |       ||    23
       Dagger            |     1 |    94 |    27 |       |       ||   122
       Spear             |       |     4 |       |   254 |   206 ||   464
       Whip              |       |       |    85 |       |       ||    85
       Punch             |       |       |     2 |       |       ||     2
       Mace              |       |       |    25 |       |       ||    25
       Glaive            |       |       |       |     3 |   138 ||   141
       Bite              |       |       |       |       |    12 ||    12
       Staff             |       |       |       |       |     2 ||     2
 Fire: Arbalest          |       |       |    44 |    39 |    33 ||   116
       Sling             |       |       |       |       |    20 ||    20
       Shortbow          |       |       |       |       |    18 ||    18
Throw: Dart              |       |       |       |     2 |       ||     2
 Cast: Magic Dart        |    48 |    40 |    36 |    15 |     2 ||   141
       Searing Ray       |       |    15 |    44 |    43 |     7 ||   109
       Borgnjor's Vile C |       |       |       |       |    81 ||    81
       Sublimation of Bl |       |       |       |       |    30 ||    30
       Dispel Undead     |       |       |       |       |     5 ||     5
 Abil: Dig               |       |       |     1 |     5 |     4 ||    10
       Shaft Self        |       |       |       |     3 |       ||     3
  Use: Potion            |     1 |       |       |     3 |     4 ||     8
       Scroll            |       |       |     8 |     6 |     1 ||    15
 Stab: Sleeping          |     3 |     2 |     1 |       |     2 ||     8
       Distracted        |       |       |       |     1 |     1 ||     2
Armor: Robe              |    13 |    27 |    58 |       |       ||    98
       Leather armour    |       |       |       |     6 |       ||     6
       Steam dragon scal |       |       |       |    37 |    32 ||    69
       Ring mail         |       |       |       |     8 |       ||     8
       Troll leather arm |       |       |       |       |    63 ||    63
Dodge: Dodged            |    45 |    66 |   100 |   127 |   154 ||   492
Block: Kite shield       |       |       |    23 |    17 |       ||    40
       Tower shield      |       |       |       |   360 |   485 ||   845
